 Dungeon Crawl Stone Soup version 0.30-a0-1066-g63dfefce0d (webtiles) character file.

Game seed: 3340683272767889221

108 Newt the Shooter (level 5, -2/35 HPs)
             Began as a Kobold Hunter on Apr 12, 2023.
             Was an Initiate of Hepliaklqana.
             Killed by nerve-wracking pain
             ... invoked by an orc priest
              (13 damage)
             ... on level 3 of the Dungeon.
             The game lasted 00:01:52 (2172 turns).

Newt the Shooter (Kobold Hunter)                    Turns: 2172, Time: 00:01:52

Health: -2/35      AC:  3    Str:  8    XL:     5   Next: 12%
Magic:  5/5        EV: 14    Int: 10    God:    Hepliaklqana [......]
Gold:   204        SH:  0    Dex: 21    Spells: 4/4 levels left

rFire   . . .      SeeInvis .    a - +0 shortbow
rCold   . . .      Faith    .    (shield currently unavailable)
rNeg    . . .      Spirit   .    c - +0 leather armour
rPois   .          Reflect  .    (no helmet)
rElec   .          Rampage  .    (no cloak)
rCorr   .                        (no gloves)
Will    .....                    (no boots)
Stlth   +++                      (no amulet)
HPRegen 0.25/turn                (no ring)
MPRegen 0.09/turn                (no ring)

@: no status effects
A: small, no large weapons, nightstalker 3
a: Renounce Religion


You were on level 3 of the Dungeon.
You worshipped Hepliaklqana.
Hepliaklqana was noncommittal.
You visited 1 branch of the dungeon, and saw 3 of its levels.

You collected 204 gold pieces.

Inventory:

Hand Weapons
 a - a +0 shortbow (weapon)
Armour
 c - a +0 leather armour (worn)
Jewellery
 h - a ring of ice
 k - a ring of fire
Scrolls
 b - a scroll of immolation
 e - a scroll of blinking
 i - a scroll of teleportation
Potions
 f - a potion of flight
 g - a potion of berserk rage
 l - a potion of cancellation {unknown}


   Skills:
 - Level 5.0 Fighting
 + Level 5.8 Ranged Weapons
 - Level 2.4 Dodging
 - Level 1.3 Stealth


You had 4 spell levels left.
You didn't know any spells.
Your spell library contained the following spells:

 Spells                   Type           Power      Damage    Failure   Level
 Summon Small Mammal      Summ           0%         N/A       50%         1
 Blink                    Tloc           0%         N/A       63%         2
 Lesser Beckoning         Tloc           0%         N/A       63%         2
 Momentum Strike          Conj/Tloc      0%         3d8       63%         2
 Static Discharge         Conj/Air       0%         2-2/arc   63%         2
 Call Canine Familiar     Summ           0%         N/A       86%         3
 Summon Guardian Golem    Hex/Summ       0%         N/A       86%         3
 Airstrike                Air            0%         2d(0-16)  99%         4
 Summon Lightning Spire   Summ/Air       0%         N/A       99%         4


Dungeon Overview and Level Annotations

Branches:
Dungeon (3/15)

Altars:
Hepliaklqana
Qazlal

Shops:
D:2 :


Innate Abilities, Weirdness & Mutations

You are small and have problems with some larger weapons.
You are completely attuned to the shadows.


Message History

You kill the orc!
The orc barely misses you.
You shoot an arrow. The arrow hits the orc.
The orc is heavily wounded.
The orc misses you.
You shoot an arrow. The arrow hits the orc.
You kill the orc!
You shoot an arrow. The arrow completely misses the goblin.
The arrow hits the orc priest but does no damage.
The goblin hits you but does no damage.
You are poisoned.
You shoot an arrow. The arrow hits the goblin.
The goblin is moderately wounded.
You feel very sick. The goblin completely misses you. x2
You shoot an arrow. The arrow barely misses the goblin.
The arrow barely misses the orc priest.
You feel sick. The goblin barely misses you.
You shoot an arrow. The arrow barely misses the goblin.
The arrow hits the orc priest but does no damage.
You feel sick. The goblin closely misses you.
You shoot an arrow. The arrow hits the goblin!
You kill the goblin!
You feel sick.
The orc priest invokes the aid of Beogh against you.
Beogh smites you!
* * * LOW HITPOINT WARNING * * *
You are too injured to fight recklessly!
Unknown command.
You feel better.
Unknown command.
Fire: a) +0 shortbow
Press: ? - help, Shift-Dir - straight line, f - orc priest
Aim: an orc priest, wielding a +0 flail and wearing a +0 ring mail (69% to hit)
You shoot an arrow.
The arrow closely misses the orc priest.
The orc priest hits you with a +0 flail.
The orc priest invokes the aid of Beogh against you.
Pain shoots through your body!
You die...

#.g# #.# #..### #.#
#....# #.# #.##?# #.#
#.##.# #.# #.##.# #.#
#.##.# #.# #.##o# #.#
###########.##@#####.#
#....................#
#.#########..######..#
#.#.. .......# #..#
#.#.# #####.## #..#
#.#.#######.#### #..#
#..............# #..#
###.######..>#.####..#
##.# #........#..#


You could see an orc priest.

Vanquished Creatures
  An orc priest (D:3)
  2 worms
  2 dart slugs
  3 orcs (D:3)
  4 ball pythons
  3 endoplasms
  A giant cockroach (D:3)
  6 goblins
  11 hobgoblins
  6 jackals
  3 quokkas
  2 bats (D:2)
  3 frilled lizards
  7 kobolds
  4 rats
58 creatures vanquished.

Notes
Turn   | Place    | Note
-------+----------+-------------------------------------------
     0 | D:1      | Newt the Kobold Hunter began the quest for the Orb.
     0 | D:1      | Reached XP level 1. HP: 12/12 MP: 1/1
    90 | D:1      | Reached XP level 2. HP: 18/18 MP: 2/2
  1065 | D:2      | Reached XP level 3. HP: 24/24 MP: 3/3
  1333 | D:2      | Found Erinima's Book Shoppe.
  1541 | D:2      | Reached XP level 4. HP: 30/30 MP: 4/4
  1826 | D:3      | Found a hazy altar of Hepliaklqana.
  1848 | D:3      | Became a worshipper of Hepliaklqana the Forgotten
  2042 | D:3      | Found a stormy altar of Qazlal.
  2146 | D:3      | Reached skill level 5 in Fighting
  2146 | D:3      | Reached XP level 5. HP: 20/35 MP: 5/5
  2172 | D:3      | Killed from afar by an orc priest

Illustrated notes

Levels and vault maps discovered:
D:1:      spicycebolla_green_bress_n_ham, layout_basic,
          amcnicky_mini_corridor_feature
D:2:      layout_loops_ring, serial_shops, nicolae_shop_advertising_works
          [nicolae_subvault_shop_adworks], hangedman_glass_teeth
D:3:      layout_loops_ring, amcnicky_altar_gilded,
          mainiacjoe_overflow_chevrons, mainiacjoe_overflow_alcove_4,
          tso_oasis_becter, kennysheep_generic_room_8, uniq_sigmund, uniq_robin

Skill      XL: |  1  2  3  4 |
---------------+-------------+-----
Fighting       | 3 4 5 |  5.0
Ranged Weapons | |  5.8
Dodging        | |  2.4
Stealth        | |  1.3

Action                     |  1- 3 |  4- 6 || total
---------------------------+-------+-------++-------
   Fire: Shortbow          |    80 |    64 ||   144
    Use: Scroll            |     1 |     4 ||     5
         Potion            |       |     2 ||     2
 Armour: Leather armour    |     8 |    10 ||    18
  Dodge: Dodged            |    14 |    30 ||    44

Table legend: (Time is in decaauts)
 A = Elapsed time spent in this place.
 B = Non-inter-level travel time spent in this place.
 C = Inter-level travel time spent in this place.
 D = Time resting spent in this place.
 E = Time spent auto-exploring this place.
 F = Levels seen in this place.
 G = Mean time per level.
                   A        B        C        D        E       F      G
               +--------+--------+--------+--------+--------+-----+--------+
         Total |   2222 |   2169 |     53 |      1 |   1863 |   3 |  740.7 |
       Dungeon |   2222 |   2169 |     53 |      1 |   1863 |   3 |  740.7 |
               +--------+--------+--------+--------+--------+-----+--------+

Top non-repeatable levels by time:
     D:1: 1056 daAuts
     D:2: 707 daAuts
     D:3: 458 daAuts
